 Dungeon Crawl Stone Soup version 0.31-a0-1-g4198be8af4 (webtiles) character file.

Game seed: 1908035444753638830

168 Pimp the Chopper (level 5, -4/42 HPs)
             Began as a Demonspawn Gladiator on Apr 30, 2023.
             Killed from afar by Ijyb (14 damage)
             ... with a bolt of acid
             ... on level 4 of the Dungeon.
             The game lasted 00:04:32 (3258 turns).

Pimp the Chopper (Demonspawn Gladiator)             Turns: 3258, Time: 00:04:33

Health: -4/42      AC:  7    Str: 16    XL:     5   Next: 24%
Magic:  5/5        EV: 11    Int:  9    God:
Gold:   103        SH: 10    Dex: 21    Spells: 4/4 levels left

rFire   . . .        a - +1 war axe
rCold   . . .        h - +1 buckler
rNeg    . . .        o - +0 scale mail
rPois   .            (helmet restricted)
rElec   .            (no cloak)
rCorr   .            (no gloves)
SInv    .            (no boots)
Will    .....        r - amulet of reflection Stlth
                     i - +6 ring of dexterity
HPRegen 0.27/turn    (no ring)
MPRegen 0.09/turn

%: reflection
@: no status effects
A: horns 1, rugged brown scales 1, powered by pain 1
a: no special abilities


You were on level 4 of the Dungeon.
You visited 1 branch of the dungeon, and saw 4 of its levels.

You collected 103 gold pieces.

Inventory:

Hand Weapons
 a - a +1 war axe (weapon)
Missiles
 d - 3 throwing nets (quivered)
 e - a javelin
Armour
 b - a +0 leather armour
 c - a +0 helmet
 h - a +1 buckler (worn)
 o - a +0 scale mail (worn)
 t - a +2 helmet of see invisible
Jewellery
 f - an amulet of the acrobat
 i - a +6 ring of dexterity (left hand)
 r - an amulet of reflection (around neck)
Scrolls
 m - a scroll of vulnerability
 n - a scroll of teleportation
 u - a scroll of identify
Potions
 g - a potion of magic
 j - a potion of mutation {unknown}
 k - a potion of resistance
 l - 3 potions of flight
 p - a potion of lignification {unknown}
 q - a potion of curing
 s - a potion of degeneration


   Skills:
 + Level 3.1 Fighting
 + Level 3.5 Axes
 + Level 2.7 Throwing
 + Level 1.3 Armour
 + Level 3.4 Dodging


You had 4 spell levels left.
You didn't know any spells.
Your spell library contained the following spells:

 Spells                   Type           Power      Damage    Failure   Level
 Anguish                  Hex/Necr       0%         N/A       100%        4
 Cause Fear               Hex            0%         N/A       100%        4
 Enfeeble                 Hex            0%         N/A       100%        7


Dungeon Overview and Level Annotations

Branches:
Dungeon (4/15)
 Temple: D:4-7

Altars:

Annotations:
D:4 Ijyb


Innate Abilities, Weirdness & Mutations

You have a pair of small horns on your head.
You are partially covered in rugged brown scales. (AC +1, +3% HP)
You sometimes gain a little power by taking damage.


Message History

You hit the hobgoblin.
You kill the hobgoblin!
Ijyb zaps a wand.
The bolt of acid misses you.
A ball python comes into view.
You barely miss Ijyb. You block Ijyb's attack.
You closely miss Ijyb. Ijyb hits you with a +6 club!
You barely miss Ijyb. Ijyb hits you with a +6 club.
Ijyb zaps a wand.
The bolt of acid misses you.
You closely miss Ijyb.
A ball python comes into view.
You block Ijyb's attack. You block the ball python's attack.
The ball python grabs you. The ball python constricts you.
The ball python moves out of view.
You slash Ijyb! You headbutt Ijyb, but do no damage.
Ijyb is moderately wounded.
You hit the ball python.
You kill the ball python!
Ijyb hits you with a +6 club. x2
You barely miss Ijyb.
Ijyb is moderately wounded.
Ijyb hits you but does no damage.
You hit Ijyb.
Ijyb is heavily wounded.
Ijyb hits you with a +6 club.
Unknown command.
You hit Ijyb but do no damage. You headbutt Ijyb.
Ijyb is severely wounded.
You block Ijyb's attack. x2
You closely miss Ijyb. You headbutt Ijyb, but do no damage.
Ijyb is severely wounded.
Ijyb zaps a wand.
The bolt of acid hits you!
* * * LOW HITPOINT WARNING * * *
You closely miss Ijyb. You headbutt Ijyb.
Ijyb is almost dead.
You block Ijyb's attack.
Ijyb zaps a wand.
The bolt of acid hits you but does no damage.
You hit Ijyb but do no damage. Your headbutt misses Ijyb.
Ijyb is almost dead.
Ijyb zaps a wand.
The bolt of acid hits you!
You die...

###### #
#....###...
####..#†....#
#.....@g.#
#.##..#.....#
#.##....#.....
#..###### .###
##.# .. #.# #S
#†###### .
#>.....##.
######.######.


You could see Ijyb and a ball python (wandering).

Vanquished Creatures
  Robin (D:4)
  A gnoll (D:1)
  4 adders
  2 worms
  4 dart slugs
  2 orcs (D:3)
  5 ball pythons
  7 endoplasms
  8 giant cockroaches
  19 goblins
  13 hobgoblins
  2 kobolds
  2 quokkas
  5 bats
  3 frilled lizards (D:1)
  5 rats
83 creatures vanquished.

Notes
Turn   | Place    | Note
-------+----------+-------------------------------------------
     0 | D:1      | Pimp the Demonspawn Gladiator began the quest for the Orb.
     0 | D:1      | Reached XP level 1. HP: 16/16 MP: 1/1
    64 | D:1      | Gained mutation: You have a pair of small horns on your
                  | head. [demonic ancestry]
    64 | D:1      | Reached XP level 2. HP: 15/22 MP: 2/2
   585 | D:1      | Reached XP level 3. HP: 28/28 MP: 3/3
  1557 | D:2      | Gained mutation: You sometimes gain a little power by
                  | taking damage. [demonic ancestry]
  1557 | D:2      | Reached XP level 4. HP: 33/34 MP: 4/4
  2186 | D:3      | Reached skill level 1 in Armour
  2536 | D:3      | Found a faded altar of an unknown god.
  2945 | D:4      | Noticed Robin
  2956 | D:4      | Gained mutation: You are partially covered in rugged brown
                  | scales. (AC +1, +3% HP) [demonic ancestry]
  2956 | D:4      | Reached XP level 5. HP: 32/42 MP: 5/5
  2960 | D:4      | Killed Robin
  3245 | D:4      | Noticed Ijyb
  3258 | D:4      | Killed from afar by Ijyb

Illustrated notes

Levels and vault maps discovered:
D:1:      minmay_arrival_diagonal_passages, layout_basic,
          hangedman_decor_riveting, minmay_pentomino_v4
D:2:      layout_loops_ring, serial_rivers, chequers_serial_rivers_large_b,
          chequers_serial_rivers_micro_e, chequers_serial_rivers_small_b,
          chequers_serial_rivers_large_a
D:3:      layout_basic, hellmonk_ecumenical_altar_defaced_shrine
D:4:      layout_rooms, serial_shops, nicolae_shop_tiny_real_fake_doors,
          minmay_misc_feat_five, uniq_ijyb, uniq_robin

Skill      XL: |  1  2  3  4 |
---------------+-------------+-----
Throwing       | 2 |  2.7
Axes           | 3 |  3.5
Dodging        | 3 |  3.4
Armour         | 1 |  1.3
Fighting       | 3 |  3.1

Action                     |  1- 3 |  4- 6 || total
---------------------------+-------+-------++-------
  Melee: War axe           |    81 |   107 ||   188
         Headbutt          |     8 |    17 ||    25
    Use: Scroll            |       |    12 ||    12
   Stab: Sleeping          |     2 |       ||     2
         Fleeing           |       |     1 ||     1
 Armour: Leather armour    |     8 |       ||     8
         Scale mail        |     9 |    43 ||    52
  Dodge: Dodged            |    57 |    40 ||    97
  Block: Buckler           |    19 |    54 ||    73

Table legend: (Time is in decaauts)
 A = Elapsed time spent in this place.
 B = Non-inter-level travel time spent in this place.
 C = Inter-level travel time spent in this place.
 D = Time resting spent in this place.
 E = Time spent auto-exploring this place.
 F = Levels seen in this place.
 G = Mean time per level.
                   A        B        C        D        E       F      G
               +--------+--------+--------+--------+--------+-----+--------+
         Total |   3371 |   3240 |    131 |    289 |   2293 |   4 |  842.8 |
       Dungeon |   3371 |   3240 |    131 |    289 |   2293 |   4 |  842.8 |
               +--------+--------+--------+--------+--------+-----+--------+

Top non-repeatable levels by time:
     D:1: 1360 daAuts
     D:2: 902 daAuts
     D:3: 781 daAuts
     D:4: 326 daAuts
